 Dungeon Crawl Stone Soup version 0.27-a0-1202-ge72e49191c (webtiles) character file.

Game seed: 835084605687487370

21089 dongler the Thaumaturge (level 13, -4/87 HPs)
             Began as a Djinni Ice Elementalist on June 4, 2021.
             Was the Champion of Zin.
             Slain by a meliai
             ... wielding a +0 hand axe
              (6 damage)
             ... on level 11 of the Dungeon.
             The game lasted 01:34:13 (21356 turns).

dongler the Thaumaturge (Djinni Ice Elementalist)  Turns: 21356, Time: 01:34:13

Health: -4/87      AC: 13    Str: 11    XL:     13   Next: 17%
Gold:   408        EV: 14    Int: 29    God:    Zin [******] SH:  0 Dex: 14

rFire    + . .     SeeInvis +   K - +10 short sword of Gehenna {venom, SInv}
rCold    . . .     Faith    .   (no shield)
rNeg     . . .     Spirit   .   F - +2 ring mail "Goatz" {rPois Will- Stlth+}
rPois    ∞         Reflect  .   T - +3 hat of Pondering {ponderous, Will+ MP+10 Int+5}
rElec    .         Harm     .   (no cloak)
rCorr    .         Rampage  .   R - +0 pair of gloves
Will     +....                  (boots unavailable)
Stlth    +++.......             (no amulet)
HPRegen  0.24/turn              G - +6 ring of intelligence
MPRegen  0.00/turn              n - ring of ice

@: flying, slow
A: sickness immunity, fire resistance 2, cold vulnerability 1, float, innate
caster, hp casting, extra vitality 1
a: Renounce Religion, Recite, Vitalisation, Imprison, Sanctuary, Donate Gold


You were on level 11 of the Dungeon.
You worshipped Zin.
Zin was exalted by your worship.
You visited 1 branch of the dungeon, and saw 12 of its levels.
You also visited: Ossuary.

You collected 1725 gold pieces.
You spent 1165 gold pieces at shops.
You donated 152 gold pieces to Zin.

Inventory:

Hand Weapons
 f - a +2 dagger of venom
 i - a +0 hunting sling
 p - a +0 hand crossbow
 v - a +3 dagger of freezing
 K - the +10 short sword of Gehenna (weapon) {venom, SInv}
   (You bought it in a shop on level 8 of the Dungeon)

   It poisons the flesh of those it strikes.
   It lets you see invisible.
 M - a +0 hunting sling of freezing
Missiles
 r - 118 bolts
Armour
 a - a +0 robe
 d - a +0 helmet
 F - the +2 ring mail "Goatz" (worn) {rPois Will- Stlth+}
   (You bought it in a shop on level 8 of the Dungeon)

   It protects you from poison.
   It decreases your willpower.
   It makes you more stealthy.
 P - a +2 helmet
 R - a +0 pair of gloves (worn)
 T - the +3 hat of Pondering (worn) {ponderous, Will+ MP+10 Int+5}
   (You took it off Gastronok on level 12 of the Dungeon)

   It affects your intelligence (+5).
   It affects your magic capacity (+10).
   It increases your willpower.
Magical Staves
 e - a staff of cold
 g - a staff of earth
Jewellery
 c - the ring of Zoribuhi {Wiz rPois}
   (You acquired it on level 8 of the Dungeon)

   [ring of wizardry]

   It improves your spell success rate.
   It protects you from poison.
 h - a +6 ring of dexterity
 n - a ring of ice (right hand)
 B - an amulet of guardian spirit
 G - a +6 ring of intelligence (left hand)
 L - an amulet of faith
 Q - an amulet of regeneration
Wands
 b - a wand of flame (37)
 o - a wand of iceblast (12)
 s - a wand of acid (11)
 t - a wand of mindburst (18)
Scrolls
 l - 8 scrolls of teleportation
 u - a scroll of fear
 y - 2 scrolls of blinking
 z - 2 scrolls of enchant weapon
 E - 8 scrolls of identify
 H - 2 scrolls of magic mapping
 J - a scroll of enchant armour {unknown}
 N - a scroll of amnesia {unknown}
Potions
 j - a potion of berserk rage {unknown}
 k - a potion of magic {unknown}
 m - a potion of invisibility
 q - 2 potions of haste
 w - 3 potions of ambrosia {unknown}
 x - a potion of flight {unknown}
 A - a potion of brilliance
 C - 2 potions of attraction {unknown}
 O - a potion of mutation {unknown}


   Skills:
 * Level 6.1 Fighting
 * Level 7.2 Short Blades
 + Level 4.9 Staves
 * Level 7.9 Armour
 * Level 9.5 Dodging
 - Level 3.0 Stealth
 + Level 9.7 Spellcasting
 + Level 0.6 Invocations
 * Level 5.8 Evocations


You couldn't memorise any spells.
You knew the following spells:

 Your Spells              Type           Power      Damage    Failure   Level
a - Freeze                Ice            100%       1d11      1%          1
b - Frozen Ramparts       Ice            100%       1d12      1%          3
c - Ozocubu's Armour      Ice            81%        N/A       1%          3
d - Hailstorm             Conj/Ice       81%        3d16      1%          4
e - Metabolic Englaciati  Hex/Ice        40%        N/A       4%          5
f - Foxfire               Conj/Fire      100%       2x1d9     1%          1
g - Passwall              Tmut/Erth      52%        N/A       1%          2
h - Summon Guardian Gole  Hex/Summ       63%        N/A       1%          3
i - Olgreb's Toxic Radia  Pois           63%        N/A       1%          4
j - Airstrike             Air            31%        N/A       1%          4
k - Silence               Hex/Air        31%        N/A       4%          5
Your spell library was empty.

Dungeon Overview and Level Annotations

Branches:
Dungeon (12/15)            Temple (0/1) D:7            Lair (0/6) D:9
    Orc (0/2) D:9         Ossuary (visited)

Altars:
Ashenzari
Fedhas
Gozag
Hepliaklqana
Okawaru
Trog
Uskayaw
Vehumet
Yredelemnul
Zin
The Shining One

Shops:
D:1 (   D:7 ?   D:8 =[*(*

Annotations:
D:12 2 transporters, Orlauf's ghost, journeyman DsGl


Innate Abilities, Weirdness & Mutations

You are immune to sickness and miasma.
You are immune to poison.
Your flesh is very heat resistant. (rF++)
You are vulnerable to cold. (rC-)
You float through the air rather than walking.
You learn spells naturally, not from books.
Your magical power is your life essence.
You have superior vitality. (+4 HP)


Message History

You puncture the killer bee!
You kill the killer bee!
The wall freezes the killer bee. x2; The killer bee misses you.
The wall freezes the killer bee.
You kill the killer bee!
The frozen ramparts melt away as you move.
Things that are here:
a +1 dagger of speed; a +2 robe of the Archmagi You start resting.
A killer bee comes into view.
A killer bee is nearby!
You start resting.
A meliai comes into view. It is wielding a +0 hand axe.
The meliai invokes the aid of its god against you.
Something smites you!
The meliai invokes the aid of its god against you.
Something smites you!
* * * LOW HITPOINT WARNING * * *
The meliai invokes the aid of its god against you.
Something smites you!
* * * LOW HITPOINT WARNING * * *
The meliai hits you with a +0 hand axe.
* * * LOW HITPOINT WARNING * * *
The meliai barely misses you.
Okay, then.
Casting: Frozen Ramparts (safe; 1% risk of failure)
Confirm with . or Enter, or press ? or * to list all spells.
Okay, then.
The meliai hits you with a +0 hand axe.
* * * LOW HITPOINT WARNING * * *
The meliai closely misses you.
There is a stone staircase leading up here.
The meliai hits you but does no damage.
The meliai stings you but does no damage.
The meliai closely misses you. The meliai misses you.
You fly upwards.
There is a stone staircase leading down here.
The meliai hits you but does no damage. The meliai misses you.
The meliai hits you with a +0 hand axe.
You die...

######## #......#######
#............#
#..).........#
###..........########
#..................
#y.........########
#.@).......'......)
#####.[.[...[..#....###
#...<.[).......#....#
#..............#....#
#..............#....#
#......#########....#
#......# #....#
###+##.# ########>#
#....# #........#


You could see a meliai.

Vanquished Creatures
  Gastronok (D:12)
  Josephine (D:12)
  Erolcha (D:9)
  2 two-headed ogres
  Urug (D:10)
  A slime creature (D:12)
  The ghost of tehphobia the Conjurer, a novice DrCj of Lugonu (D:6)
  A cyclops (D:12)
  A gargoyle (D:10)
  The ghost of Demosthentine the Poker, a novice MfGl (D:4)
  2 komodo dragons
  3 kobold demonologists
  4 trolls
  A queen bee (D:12)
  Grinder (D:4)
  3 wraiths (D:12)
  A vampire (D:12)
  Sigmund (D:2)
  Eustachio (D:5)
  14 yaks
  A steam dragon (D:7)
  17 vampire mosquitoes
  A warg (D:9)
  Menkaure (Ossuary)
  Duvessa (D:5)
  2 water moccasins
  8 orc warriors
  A sky beast (D:5)
  3 black bears (D:6)
  An ogre (D:7)
  7 centaurs
  A necrophage (D:3)
  A phantom (D:6)
  8 kobold brigands
  Blork the orc (D:4)
  8 bullfrogs
  A gnoll sergeant (D:6)
  A water moccasin zombie (D:6)
  2 scorpions
  Dowan (D:5)
  19 killer bees
  4 howler monkeys
  4 wights (D:7)
  2 bullfrog zombies
  3 centaur zombies
  A hound (D:6)
  2 jellies
  A gnoll shaman (D:7)
  4 orc priests
  A bullfrog skeleton (D:6)
  A centaur skeleton (D:6)
  Natasha (thrice) (D:2)
  4 orc wizards
  3 mummies (Ossuary)
  A howler monkey zombie (D:6)
  12 gnolls
  A howler monkey skeleton (D:6)
  9 adders
  3 worms
  20 orcs
  9 ball pythons
  7 bats
  6 endoplasms
  6 giant cockroaches
  10 goblins
  5 hobgoblins
  6 jackals (D:2)
  4 quokkas
  3 frilled lizards
  4 gnoll skeletons (Ossuary)
  4 gnoll zombies (Ossuary)
  2 goblin skeletons (Ossuary)
  2 goblin zombies (Ossuary)
  3 hobgoblin skeletons (Ossuary)
  3 hobgoblin zombies (Ossuary)
  78 kobolds
  3 kobold skeletons (Ossuary)
  7 kobold zombies (Ossuary)
  5 orc skeletons (Ossuary)
  4 orc zombies (Ossuary)
  A rat (D:1)
  4 rat skeletons (Ossuary)
  3 rat zombies (Ossuary)
386 creatures vanquished.

Vanquished Creatures (others)
  A kobold brigand (D:7)
  An electric eel (D:12)
  A ball python (D:2)
  4 orc skeletons (Ossuary)
  2 orc zombies (Ossuary)
  10 foxfires
  13 plants (D:9)
32 creatures vanquished.

Grand Total: 418 creatures vanquished

Notes
Turn   | Place    | Note
-------+----------+-------------------------------------------
     0 | D:1      | dongler the Djinni Ice Elementalist began the quest for the
                  | Orb.
     0 | D:1      | Reached XP level 1. HP: 15/15 MP: 0/0
    31 | D:1      | Found a faded altar of an unknown god.
    40 | D:1      | Became a worshipper of Zin the Law-Giver
    40 | D:1      | Reached * piety under Zin
   620 | D:1      | Found Ynagoatze's Weapon Emporium.
   622 | D:1      | Reached XP level 2. HP: 18/21 MP: 0/0
  1313 | D:2      | Noticed Natasha
  1324 | D:1      | Reached XP level 3. HP: 7/25 MP: 0/0
  1324 | D:1      | Learned a level 1 spell: Foxfire
  1584 | D:2      | Killed Natasha
  1873 | D:2      | Reached XP level 4. HP: 30/31 MP: 0/0
  2047 | D:2      | Noticed Natasha
  2053 | D:2      | Killed Natasha
  2054 | D:2      | Reached skill level 1 in Fighting
  2198 | D:2      | Reached ** piety under Zin
  2881 | D:2      | Reached XP level 5. HP: 31/37 MP: 0/0
  2881 | D:2      | Learned a level 2 spell: Passwall
  2884 | D:2      | Noticed Sigmund
  2890 | D:2      | Zin protects you from harm!
  2902 | D:2      | Killed Sigmund
  2903 | D:2      | Reached XP level 6. HP: 22/42 MP: 0/0
  3168 | D:2      | Noticed Natasha
  3174 | D:2      | Killed Natasha
  3374 | D:3      | Noticed a necrophage
  3394 | D:3      | Killed a necrophage
  3395 | D:3      | Reached XP level 7. HP: 14/48 MP: 0/0
  3395 | D:3      | Learned a level 3 spell: Summon Guardian Golem
  4256 | D:3      | Found a bloodstained altar of Trog.
  4256 | D:3      | Found an iron altar of Okawaru.
  4257 | D:3      | Found a hide-covered altar of Uskayaw.
  4431 | D:4      | Noticed Grinder
  4434 | D:4      | Noticed Demosthentine's ghost (novice MfGl)
  4440 | D:4      | Found a transporter.
  4584 | D:4      | Reached skill level 5 in Spellcasting
  4748 | D:4      | HP: 2/48 [goblin/+0 dagger (3)]
  4757 | D:4      | HP: 2/48 [goblin/+0 dagger (1)]
  4762 | D:4      | Zin protects you from harm!
  5074 | D:4      | Found an opulent altar of Gozag.
  5082 | D:4      | Found a transporter.
  5255 | D:4      | Reached *** piety under Zin
  5753 | D:4      | Noticed Blork the orc
  5761 | D:4      | Killed Blork the orc
  5762 | D:4      | Reached skill level 1 in Staves
  5762 | D:4      | Reached skill level 1 in Armour
  5762 | D:4      | Reached skill level 1 in Evocations
  5936 | D:4      | Killed Demosthentine's ghost
  5937 | D:4      | Reached XP level 8. HP: 34/55 MP: 0/0
  6080 | D:5      | Entered Level 5 of the Dungeon
  6282 | D:5      | Identified a scroll of acquirement
  6282 | D:5      | Acquired 816 gold pieces
  6285 | D:5      | Reached **** piety under Zin
  6285 | D:5      | Reached ***** piety under Zin
  6591 | D:5      | Noticed Eustachio
  6621 | D:5      | Killed Eustachio
  6622 | D:5      | Reached skill level 5 in Dodging
  7034 | D:5      | Reached XP level 9. HP: 36/59 MP: 0/0
  7034 | D:5      | Learned a level 4 spell: Olgreb's Toxic Radiance
  8561 | D:5      | Noticed Dowan
  8577 | D:5      | Noticed Duvessa
  8584 | D:5      | Killed Dowan
  8588 | D:5      | Killed Duvessa
  9463 | D:4      | Paralysed by Grinder for 5 turns
  9492 | D:4      | Killed Grinder
  9987 | D:6      | Found a sand-covered staircase.
  9992 | Ossuary  | Entered an ossuary
 10536 | Ossuary  | Noticed Menkaure
 10540 | Ossuary  | Killed Menkaure
 11039 | D:6      | Reached ****** piety under Zin
 11062 | D:6      | Found a runed translucent door.
 11064 | D:6      | Noticed tehphobia's ghost (novice DrCj)
 11451 | D:6      | Reached XP level 10. HP: 54/67 MP: 0/0
 12180 | D:6      | Found a runed translucent door.
 12432 | D:6      | Killed tehphobia's ghost
 12868 | D:7      | Found a hazy altar of Hepliaklqana.
 12896 | D:7      | Found a staircase to the Ecumenical Temple.
 13445 | D:7      | Found Norelo Jeugg's Magic Scroll Boutique.
 13651 | D:7      | Found a basalt altar of Yredelemnul.
 13822 | D:8      | Reached XP level 11. HP: 15/74 MP: 0/0
 13822 | D:8      | Learned a level 4 spell: Airstrike
 14385 | D:8      | Found Curiexue's Jewellery Shop.
 14419 | D:8      | Bought a +6 ring of intelligence for 760 gold pieces
 14524 | D:8      | Acquired the ring of Zoribuhi {Wiz rPois}
 14825 | D:8      | Found Jakhivaf's Assorted Antiques.
 14826 | D:8      | Found Jeemorch's Assorted Antiques.
 14829 | D:8      | Found Ratuol's Antique Armour Boutique.
 14830 | D:8      | Found Orihul Dafargh's Antique Weapon Boutique.
 14837 | D:8      | Bought a heavily runed ring mail for 189 gold pieces
 14837 | D:8      | Identified the +2 ring mail "Goatz" {rPois Will- Stlth+}
                  | (You bought it in a shop on level 8 of the Dungeon)
 14868 | D:8      | Bought a scorched short sword for 216 gold pieces
 14868 | D:8      | Identified the +10 short sword of Gehenna {venom, SInv}
                  | (You bought it in a shop on level 8 of the Dungeon)
 15052 | D:9      | Reached skill level 1 in Short Blades
 15760 | D:9      | Found a staircase to the Lair.
 15785 | D:9      | Noticed Erolcha
 15804 | D:9      | Killed Erolcha
 15974 | D:9      | Reached skill level 5 in Armour
 16010 | D:9      | Found a staircase to the Orcish Mines.
 16467 | D:10     | Entered Level 10 of the Dungeon
 16476 | D:10     | Noticed Urug
 16488 | D:10     | Killed Urug
 16675 | D:10     | HP: 2/74 [centaur/arrow (9)]
 16676 | D:10     | Zin protects you from harm!
 17140 | D:10     | Reached skill level 5 in Fighting
 17143 | D:10     | Noticed a two-headed ogre
 17154 | D:10     | Zin protects you from harm!
 17156 | D:10     | Killed a two-headed ogre
 17157 | D:10     | Reached XP level 12. HP: 11/81 MP: 0/0
 17832 | D:10     | Found a glowing golden altar of the Shining One.
 17832 | D:10     | Found a broken altar of Ashenzari.
 17834 | D:10     | Found a blossoming altar of Fedhas.
 18682 | D:11     | Reached skill level 5 in Short Blades
 18687 | D:11     | Reached skill level 5 in Evocations
 18833 | D:11     | Noticed a two-headed ogre
 18847 | D:11     | Killed a two-headed ogre
 19307 | D:11     | Found a hide-covered altar of Uskayaw.
 19997 | D:12     | Noticed a sun demon
 20007 | D:12     | Found a transporter.
 20025 | D:12     | Found a transporter.
 20029 | D:12     | Noticed Orlauf's ghost (journeyman DsGl)
 20655 | D:12     | Noticed Gastronok
 20684 | D:12     | Killed Gastronok
 21002 | D:12     | Noticed Josephine
 21019 | D:12     | Killed Josephine
 21020 | D:12     | Reached XP level 13. HP: 20/87 MP: 0/0
 21020 | D:12     | Learned a level 5 spell: Silence
 21352 | D:12     | HP: 3/87 [meliai/+0 hand axe (4)]
 21353 | D:12     | HP: 1/87 [meliai/+0 hand axe (2)]
 21356 | D:11     | Slain by a meliai

Illustrated notes

Levels and vault maps discovered:
D:1:      minmay_arrival_solitary_statue, layout_basic, serial_shops,
          nicolae_shop_competitors_out_of_business, basic_ecumenical_altar,
          minmay_misc_feat_plants
D:2:      layout_rooms, lemuel_flame_loot_1, uniq_natasha, uniq_sigmund
D:3:      layout_rooms, gammafunk_temple_overflow_claw, serial_rivers,
          chequers_serial_rivers_micro_b, chequers_serial_rivers_large_a,
          chequers_serial_rivers_large_b, chequers_serial_rivers_micro_e,
          chequers_serial_rivers_small_3, grunt_decor_mini_mirrors,
          chequers_garden, minmay_misc_feat_rugged
D:4:      layout_rooms, grunt_gozag_statues, vehumet_crystals,
          gammafunk_ghost_arena, palyth_stone_intersect, uniq_blork_the_orc,
          uniq_grinder
D:5:      minmay_goblin_kobold_castle, layout_layer_cave, uniq_eustachio,
          uniq_duvessa
D:6:      hangedman_cross_stitches, layout_loops_ring, enter_ossuary_2,
          ebering_ghost_sewer_f, nicolae_underground_beach
D:7:      layout_cave_pools, overflow_temple_1_default, marbit_many_paths,
          minmay_temple_entry_statues_pillars, serial_shops, kennysheep_mini
D:8:      layout_rooms, serial_shops, nicolae_shop_crystal,
          minmay_misc_feat_five, minmay_shop_grid_forest
D:9:      layout_basic, david_lair_shrubbed, david_orc_1_choice, serial_curves,
          eino_curves_03, eino_curves_02, hangedman_decor_riveting, uniq_erolcha
D:10:     layout_rooms, grunt_temple_overflow_open, uniq_urug
D:11:     layout_basic, nicolae_uskayaw_dance_hall
D:12:     layout_basic, gammafunk_ghost_stat_death, special_room
          [special_room_bee], lemuel_freeze_loot_1, uniq_nergalle,
          uniq_gastronok, uniq_josephine

Skill      XL: |  1  2  3  4  5  6  7  8  9 10 11 12 |
---------------+-------------------------------------+-----
Fighting       | 1 2 3 4 5 6 |  6.1
Dodging        | 3 4 5 6 8 9 |  9.5
Spellcasting   | 4 6 7 8 9 |  9.7
Stealth        | 2 3 |  3.0
Staves         | 1 3 4 |  4.9
Armour         | 1 2 4 6 7 |  7.9
Evocations     | 1 2 3 4 5 |  5.8
Short Blades   | 4 7 |  7.2
Invocations    | |  0.6

Action                   |  1- 3 |  4- 6 |  7- 9 | 10-12 | 13-15 || total
-------------------------+-------+-------+-------+-------+-------++-------
Melee: Short sword       |    27 |       |       |   174 |    30 ||   231
       Unarmed           |     3 |       |       |       |       ||     3
       Staff             |    17 |    24 |   278 |   118 |       ||   437
       Dagger            |       |    15 |       |       |       ||    15
 Cast: Freeze            |    24 |    42 |   136 |    41 |       ||   243
       Foxfire           |     1 |     4 |     1 |       |       ||     6
       Ozocubu's Armour  |     1 |     2 |    14 |    17 |     2 ||    36
       Frozen Ramparts   |       |     2 |    33 |    43 |    13 ||    91
       Passwall          |       |     1 |       |       |       ||     1
       Summon Guardian G |       |       |    11 |     1 |       ||    12
       Hailstorm         |       |       |    11 |    21 |     3 ||    35
       Airstrike         |       |       |       |     8 |       ||     8
       Olgreb's Toxic Ra |       |       |       |     4 |       ||     4
Invok: Recite            |     1 |       |     1 |     1 |       ||     3
       Vitalisation      |       |       |       |       |     1 ||     1
  Use: Scroll            |       |     4 |     7 |     5 |     1 ||    17
       Potion            |       |     4 |     3 |     4 |     4 ||    15
 Stab: Sleeping          |       |     1 |     5 |     2 |       ||     8
Armor: Robe              |    13 |    13 |   108 |    31 |       ||   165
       Ring mail         |       |       |       |    84 |    25 ||   109
Dodge: Dodged            |    52 |    65 |   308 |   314 |    36 ||   775

Table legend: (Time is in decaauts)
 A = Elapsed time spent in this place.
 B = Non-inter-level travel time spent in this place.
 C = Inter-level travel time spent in this place.
 D = Time resting spent in this place.
 E = Time spent auto-exploring this place.
 F = Levels seen in this place.
 G = Mean time per level.
                   A        B        C        D        E       F      G
               +--------+--------+--------+--------+--------+-----+--------+
         Total |  21423 |  20467 |    956 |   7593 |   9039 |  13 | 1647.9 |
       Dungeon |  20664 |  19708 |    956 |   7383 |   8919 |  12 | 1722.0 |
       Ossuary |    758 |    758 |      0 |    210 |    120 |   1 |  758.0 |
               +--------+--------+--------+--------+--------+-----+--------+

Top non-repeatable levels by time:
     D:5: 3351 daAuts
     D:6: 1829 daAuts
     D:9: 1817 daAuts
     D:2: 1807 daAuts
     D:3: 1687 daAuts
     D:4: 1672 daAuts
     D:1: 1636 daAuts
    D:11: 1531 daAuts
    D:10: 1394 daAuts
    D:12: 1389 daAuts
     D:8: 1382 daAuts
     D:7: 1163 daAuts
 Ossuary: 758 daAuts
